 Dungeon Crawl Stone Soup version 0.31.0-12-g77e489cdc1 (webtiles) character file.

Game seed: 7251210108296694239

8057 unlimited1921 the Thaumaturge (level 11, -8/69 HPs)
             Began as a Djinni Fire Elementalist on Mar 1, 2024.
             Was a Priest of Ashenzari.
             Mangled by a komodo dragon (27 damage)
             ... on level 2 of the Lair of Beasts.
             The game lasted 00:53:43 (23503 turns).

unlimited1921 the Thaumaturge (DjFE)               Turns: 23503, Time: 00:53:47

Health: -8/69      AC: 12    Str:  5    XL:     11   Next: 48%
Gold:   551        EV: 11    Int: 24    God:    Ashenzari [***...] SH:  0 Dex: 15

rFire   + + .        t - +1 halberd of the Fated Yoke {vamp, Fort, Cun} (curse)
rCold   x . .        (shield currently unavailable)
rNeg    . . .        h - +1 ring mail of Ashenzari's Regret {+Inv Str-2 Int+4, Sorc, Elem} (curse)
rPois   ∞            (no helmet)
rElec   .            (no cloak)
rCorr   .            (no gloves)
SInv    +            (boots unavailable)
Will    ++...        (no amulet)
Stlth   +++          m - ring of the Lashed Ordeal {AC+4, Fort, Range} (curse)
HPRegen 0.31/turn    A - ring "Seeker of Ashenzari" {Will+, Cun, Self} (curse)
MPRegen 0.00/turn

%: clarity, infuse magic (-9 HP)
@: flying
A: sickness immunity, fire resistance 2, cold vulnerability 1, float, innate
caster, HP casting, extra vitality 1
a: Renounce Religion, Evoke Invisibility, Curse Item, Shatter the Chains


You were on level 2 of the Lair of Beasts.
You worshipped Ashenzari.
Ashenzari was most pleased with you.
You visited 3 branches of the dungeon, and saw 13 of its levels.
You also visited: Sewer.

You collected 716 gold pieces.
You spent 165 gold pieces at shops.

Inventory:

Hand Weapons
 d - a +2 hand axe of electrocution
 t - the cursed +1 halberd of the Fated Yoke (weapon) {vamp, Fort, Cun}
   (You took it off a gnoll on level 5 of the Dungeon)

   It has a curse which improves the following skills: Fortitude: Armour and
   Shields.
   Cunning:   Dodging and Stealth.
Missiles
 k - 39 poisoned darts
 u - 2 curare-tipped darts
Armour
 a - a scarf of harm
 h - the cursed +1 ring mail of Ashenzari's Regret (worn) {+Inv Str-2 Int+4, Sorc, Elem}
   (You found it on level 2 of the Dungeon)

   Str-2:     It affects your strength (-2).
   Int+4:     It affects your intelligence (+4).
   +Inv:      It lets you turn invisible.
   It has a curse which improves the following skills: Sorcery: Conjurations and
   Alchemy.
   Elements:  Fire Magic, Ice Magic, Air Magic and Earth Magic.
 j - a +1 leather armour of poison resistance
 D - a +2 tower shield
Jewellery
 m - the cursed ring of the Lashed Ordeal (left hand) {AC+4, Fort, Range}
   (You found it on level 4 of the Dungeon)

   [ring of protection]

   AC+4:      It affects your AC (+4).
   It has a curse which improves the following skills: Fortitude: Armour and
   Shields.
   Ranged Combat: Ranged Weapons and Throwing.
 A - the cursed ring "Seeker of Ashenzari" (right hand) {Will+, Cun, Self}
   (You took it off an orc warrior on level 9 of the Dungeon)

   [ring of willpower]

   Will+:     It increases your willpower.
   It has a curse which improves the following skills: Cunning: Dodging and
   Stealth.
   Introspection: Fighting and Spellcasting.
Wands
 n - a wand of polymorph (8)
 p - a wand of paralysis (4)
 q - a wand of digging (5)
 w - a wand of flame (38)
 z - a wand of iceblast (9) (quivered)
Scrolls
 b - 10 scrolls of identify
 c - 5 scrolls of teleportation
 r - a scroll of fog
 x - a scroll of blinking
 y - 2 scrolls of immolation
 B - 3 scrolls of revelation
Potions
 e - 4 potions of curing
 g - 2 potions of heal wounds
 i - a potion of haste
 l - a potion of mutation
 s - 2 potions of lignification
 v - 4 potions of enlightenment
 C - a potion of berserk rage


   Skills:
 - Level 1.3(2.3) Fighting
 + Level 5.9 Polearms
 + Level 7.8(10.1) Armour
 + Level 4.8(6.9) Dodging
 + Level 5.2(7.4) Stealth
 + Level 9.5(11.0) Spellcasting
 + Level 9.5(11.0) Conjurations
 + Level 9.5 Hexes
 + Level 9.5 Summonings
 + Level 9.5 Necromancy
 + Level 9.5 Translocations
 + Level 9.5(11.0) Fire Magic
 + Level 9.5(11.0) Ice Magic
 + Level 9.5(11.0) Air Magic
 + Level 9.5(11.0) Earth Magic
 + Level 9.5(11.0) Alchemy


You knew the following spells:

 Your Spells              Type           Power      Damage    Failure   Level
a - Foxfire               Conj/Fire      100%       2x1d9     1%          1
b - Scorch                Fire           100%       2d9       1%          2
c - Volatile Blastmotes   Fire/Tloc      100%       2d18      1%          3
d - Inner Flame           Hex/Fire       58%        N/A       1%          3
e - Flame Wave            Conj/Fire      60%        2d14      1%          4
f - Summon Small Mammal   Summ           100%       N/A       1%          1
g - Static Discharge      Conj/Air       100%       3-8/arc   1%          2
h - Gell's Gravitas       Tloc           56%        N/A       1%          3
i - Manifold Assault      Tloc           56%        N/A       3%          4
j - Iskenderun's Mystic   Conj/Tloc      58%        2d12      2%          4
Your spell library was empty.

Dungeon Overview and Level Annotations

Branches:
Dungeon (10/15)            Temple (1/1) D:6            Lair (2/5) D:8
  Sewer (visited)
  Swamp: Lair:2-3    Shoals: Lair:2-3     Snake: Lair:2-3    Spider: Lair:2-3
    Orc: D:9-12

Altars:
Ashenzari
Cheibriados
Dithmenos
Elyvilon
Fedhas
Gozag
Hepliaklqana
Makhleb
Nemelex Xobeh
Okawaru
Qazlal
Ru
Uskayaw
Wu Jian
Xom
Yredelemnul
Zin
The Shining One

Shops:
D:1 :   D:4 *

Annotations:
D:9 3 runed translucent doors, yey's ghost, journeyman DsHu
Temple 2 transporters


Innate Abilities, Weirdness & Mutations

You are immune to sickness and miasma.
You are immune to poison.
Your flesh is very heat resistant. (rF++)
You are vulnerable to cold. (rC-)
You float through the air rather than walking.
You learn spells naturally, not from books.
Your magical power is your life essence.
You have superior vitality. (+4 MHP)


Message History

The bolt of electricity hits you!
Casting: Foxfire (safe; 1% risk of failure)
Confirm with . or Enter, or press ? or * to list all spells.
You conjure some foxfire!
A bullfrog comes into view.
The electric eel shoots out a bolt of lightning at you!
The bolt of electricity hits you!
Casting: Foxfire (safe; 1% risk of failure)
Confirm with . or Enter, or press ? or * to list all spells.
You conjure some foxfire!
The foxfire hits the komodo dragon but does no damage.
The komodo dragon is lightly wounded.
A basilisk comes into view.
Unknown command.
Casting: Foxfire (safe; 1% risk of failure)
Confirm with . or Enter, or press ? or * to list all spells.
You conjure some foxfire!
The komodo dragon closely misses you.
The foxfire hits the black mamba but does no damage. x2
Casting: Foxfire (safe; 1% risk of failure)
Confirm with . or Enter, or press ? or * to list all spells.
You conjure some foxfire!
The foxfire hits the black mamba but does no damage.
The foxfire hits the komodo dragon.
The komodo dragon is lightly wounded.
The foxfire hits the komodo dragon but does no damage.
The komodo dragon is lightly wounded.
The black mamba bites you but does no damage.
The komodo dragon bites you.
Your foxfire dissipates!
The foxfire hits the black mamba.
The black mamba is lightly wounded.
The black mamba bites you!
The black mamba bites you but does no damage.
A water moccasin comes into view.
The black mamba attacks as it pursues you!
The black mamba bites you!
* * * LOW HITPOINT WARNING * * *
The komodo dragon attacks as it pursues you!
The komodo dragon bites you!!
You die...

≈l≈≈≈≈~.........
~≈≈≈~~≈.........
.~≈~~..........
.~~≈.........#
P...S........#
.............#
#.F....#
#.l....##
#.S@...P####
#...<.......
##..........
#...........
#...........
.............
............#.
P.###..........
## #........#.


You could see a komodo dragon, a black mamba, a bullfrog and an electric eel.

Vanquished Creatures
  A black mamba (Lair:1)
  A torpor snail (Lair:1)
  3 cane toads (Lair:1)
  A rime drake (Lair:1)
  A komodo dragon (Lair:1)
  11 yaks
  3 wyverns
  A steam dragon (D:9)
  4 water moccasins (Lair:1)
  A black bear (D:8)
  5 orc warriors
  A sky beast (D:7)
  4 ice beasts
  An ogre (D:7)
  A centaur (D:7)
  A phantom (D:6)
  6 kobold brigands
  3 bullfrogs
  7 killer bees (D:9)
  3 electric eels (D:3)
  A bombardier beetle (D:7)
  2 jellies
  A gnoll bouda (D:8)
  8 orc priests
  A hound (D:5)
  A sleepcap (D:5)
  7 hell rats (Lair:1)
  3 iguanas
  6 orc wizards
  A statue (D:3)
  16 gnolls
  4 adders
  2 river rats (Sewer)
  2 white imps (D:8)
  2 ufetubi (D:5)
  A dart slug (D:3)
  A ribbon worm (D:3)
  33 orcs
  8 bats
  6 endoplasms
  3 giant cockroaches
  3 goblins
  9 hobgoblins
  5 jackals
  34 kobolds
  4 quokkas
  7 ball pythons
  4 frilled lizards
  10 rats
244 creatures vanquished.

Vanquished Creatures (collateral kills)
  9 foxfires
9 creatures vanquished.

Vanquished Creatures (others)
  947 foxfires
947 creatures vanquished.

Grand Total: 1200 creatures vanquished

Notes
Turn   | Place    | Note
-------+----------+-------------------------------------------
     0 | D:1      | unlimited1921 the Djinni Fire Elementalist began the quest
                  | for the Orb.
     0 | D:1      | unlimited1921 set off with the following spells memorised:
                  | Foxfire, Scorch, Volatile Blastmotes, Inner Flame, Flame
                  | Wave.
     0 | D:1      | Reached XP level 1. HP: 15/15 MP: 0/0
   259 | D:1      | Found Mueghad's Book Shoppe.
   637 | D:1      | Reached XP level 2. HP: 16/21 MP: 0/0
  3121 | D:2      | Found a faded altar of an unknown god.
  3139 | D:2      | Reached XP level 3. HP: 21/25 MP: 0/0
  3139 | D:2      | Learned a level 1 spell: Summon Small Mammal
  3390 | D:2      | Identified the +1 ring mail of Light {+Inv Str-2 Int+4}
  4646 | D:2      | Reached XP level 4. HP: 26/31 MP: 0/0
  4959 | D:2      | Reached skill level 1 in Armour
  5542 | D:3      | Reached XP level 5. HP: 31/35 MP: 0/0
  5542 | D:3      | Learned a level 2 spell: Static Discharge
  6044 | D:3      | Found a transporter.
  6302 | D:3      | Noticed a water elemental
  6304 | D:3      | Found a stormy altar of Qazlal.
  6306 | D:3      | Noticed a fire elemental
  6306 | D:3      | Noticed an air elemental
  6704 | D:3      | Found a burning altar of Makhleb.
  7050 | D:3      | Found a basalt altar of Yredelemnul.
  7102 | D:3      | Found a transporter.
  7225 | D:3      | Noticed a frost-covered statue
  8562 | D:4      | Reached XP level 6. HP: 37/40 MP: 0/0
 10361 | D:4      | Found Ogedisal's Mass Market.
 10845 | D:5      | Entered Level 5 of the Dungeon
 11081 | D:5      | Found a glowing silver altar of Zin.
 11382 | D:5      | Found a shadowy altar of Dithmenos.
 11538 | D:5      | Found a glowing drain.
 11543 | Sewer    | Entered a sewer
 11548 | Sewer    | Reached XP level 7. HP: 22/45 MP: 0/0
 11548 | Sewer    | Learned a level 3 spell: Gell's Gravitas
 11910 | Sewer    | Found a white marble altar of Elyvilon.
 12201 | D:6      | Found a staircase to the Ecumenical Temple.
 12220 | Temple   | Found a transporter.
 12220 | Temple   | Found a transporter.
 12220 | Temple   | Found a transporter.
 12220 | Temple   | Found a transporter.
 12220 | Temple   | Entered the Ecumenical Temple
 12239 | Temple   | Became a worshipper of Ashenzari the Shackled
 12707 | D:6      | Found an iron altar of Okawaru.
 12764 | D:6      | Reached skill level 1 in Fighting
 12833 | D:6      | Reached XP level 8. HP: 48/52 MP: 0/0
 13285 | D:7      | Reached skill level 5 in Spellcasting
 13285 | D:7      | Reached skill level 5 in Conjurations
 13285 | D:7      | Reached skill level 5 in Hexes
 13285 | D:7      | Reached skill level 5 in Summonings
 13285 | D:7      | Reached skill level 5 in Necromancy
 13285 | D:7      | Reached skill level 5 in Translocations
 13285 | D:7      | Reached skill level 5 in Fire Magic
 13285 | D:7      | Reached skill level 5 in Ice Magic
 13285 | D:7      | Reached skill level 5 in Air Magic
 13285 | D:7      | Reached skill level 5 in Earth Magic
 13285 | D:7      | Reached skill level 5 in Alchemy
 14393 | D:7      | Reached skill level 5 in Armour
 14393 | D:7      | Reached skill level 5 in Stealth
 14398 | D:7      | Reached XP level 9. HP: 34/57 MP: 0/0
 14398 | D:7      | Learned a level 4 spell: Manifold Assault
 14649 | D:7      | Reached skill level 1 in Polearms
 15031 | D:7      | Reached * piety under Ashenzari
 15031 | D:7      | Reached ** piety under Ashenzari
 17404 | D:8      | Found a staircase to the Lair.
 17887 | D:8      | Reached *** piety under Ashenzari
 18196 | D:9      | Reached XP level 10. HP: 62/62 MP: 0/0
 18355 | D:9      | Reached skill level 5 in Polearms
 18556 | D:10     | Entered Level 10 of the Dungeon
 19497 | D:9      | Noticed yey's ghost (journeyman DsHu)
 19509 | D:9      | Found a runed translucent gate.
 19509 | D:9      | Found a runed translucent gate.
 19519 | D:9      | Found a runed translucent gate.
 19519 | D:9      | Noticed a cyclops
 20473 | D:4      | Bought a +2 tower shield for 165 gold pieces
 21114 | Lair:1   | Entered Level 1 of the Lair of Beasts
 21118 | Lair:1   | Found a gate leading to a gauntlet.
 21129 | Lair:1   | Noticed a cane toad
 21135 | Lair:1   | Killed a cane toad
 21219 | Lair:1   | Noticed a komodo dragon
 21228 | Lair:1   | Killed a komodo dragon
 21229 | Lair:1   | Reached XP level 11. HP: 28/67 MP: 0/0
 21229 | Lair:1   | Learned a level 4 spell: Iskenderun's Mystic Blast
 22828 | Lair:1   | HP: 1/69 [hell rat (15)]
 23503 | Lair:2   | Mangled by a komodo dragon

Illustrated notes

Levels and vault maps discovered:
D:1:      amcnicky_arrival_gap_in_the_tavern_cellar, layout_loops_corners,
          serial_shops, shop, minmay_distorted
D:2:      minmay_chambers_of_twos, layout_basic,
          shapermc_ecumenical_altar_starsandcircs, nicolae_figureground_pulse
D:3:      gammafunk_steamed_eel, layout_rooms, yredelemnul_altar_generic,
          nicolae_qazlal_style_of_elements, vehumet_statue,
          lemuel_coloured_pillars_altar
D:4:      layout_gridville, mainiacjoe_overflow_catwalk, minmay_misc_feat_five,
          minmay_shop_mass
D:5:      layout_basic, zin_scriptorium, kennysheep_mini,
          mainiacjoe_sewer_entry_somewhere_in_here_2, dk_noncrumbling_4
D:6:      layout_basic, okawaru_altar_gauntlet_db, temple_doors_e
D:7:      layout_basic
D:8:      layout_loops_corners, lair_entry_dummy
D:9:      layout_roguey, enter_bailey_2, gammafunk_ghost_split
D:10:     layout_layer_cave, mainiacjoe_overflow_boulevard, hiddenorc1_lemuel,
          serial_shops, kennysheep_mini_moat, uniq_harold
Temple:   hellmonk_temple_divided_pantheon
Lair:1:   layout_layer_cave, gauntlet_entry_generic, infiniplex_staircase_pool_2
Lair:2:   layout_chaotic_city, minmay_shoals_entry_beasts, dummy_snake_entry,
          hellmonk_guarded_unrand_zhor, infiniplex_staircase_pool

Skill      XL: |  1  2  3  4  5  6  7  8  9 10 11 |
---------------+----------------------------------+-----
Stealth        | 2 3 4 5 |  5.2
Armour         | 2 3 4 5 7 |  7.8
Spellcasting   | 4 6 7 8 9 |  9.5
Conjurations   | 4 6 7 8 9 |  9.5
Hexes          | 4 6 7 8 9 |  9.5
Summonings     | 4 6 7 8 9 |  9.5
Necromancy     | 4 6 7 8 9 |  9.5
Translocations | 4 6 7 8 9 |  9.5
Fire Magic     | 4 6 7 8 9 |  9.5
Ice Magic      | 4 6 7 8 9 |  9.5
Air Magic      | 4 6 7 8 9 |  9.5
Earth Magic    | 4 6 7 8 9 |  9.5
Alchemy        | 4 6 7 8 9 |  9.5
Dodging        | 3 4 |  4.8
Fighting       | 1 |  1.3
Polearms       | 4 5 |  5.9

Action                     |  1- 3 |  4- 6 |  7- 9 | 10-12 || total
---------------------------+-------+-------+-------+-------++-------
  Melee: Halberd           |       |       |    56 |    10 ||    66
   Cast: Foxfire           |   105 |   195 |   157 |   126 ||   583
         Scorch            |       |    10 |    27 |    33 ||    70
         Inner Flame       |       |     3 |    32 |    29 ||    64
         Summon Small Mamm |       |       |     1 |     3 ||     4
         Manifold Assault  |       |       |    22 |     3 ||    25
         Iskenderun's Myst |       |       |       |    11 ||    11
         Flame Wave        |       |       |       |     1 ||     1
 Invoke: Curse Item        |       |       |     3 |     1 ||     4
  Evoke: Wand              |       |       |       |     6 ||     6
    Use: Potion            |       |       |     1 |     3 ||     4
         Scroll            |       |       |       |     1 ||     1
 Armour: Robe              |     5 |       |       |       ||     5
         Ring mail         |     3 |     5 |    18 |    48 ||    74
         Leather armour    |       |     9 |     9 |       ||    18
  Dodge: Dodged            |     2 |    14 |    15 |    25 ||    56
